 Dungeon Crawl Stone Soup version 0.26-a0-30-g56b8cd3df0 (webtiles) character file.

Game seed: 383899200412262297, levelgen mode: deterministic

33000 kae the Fencer (level 13, -2/79 HPs)
             Began as a Merfolk Ice Elementalist on May 28, 2020.
             Was the Champion of Okawaru.
             Slain by a fire crab (10 damage)
             ... on level 6 of the Lair of Beasts.
             The game lasted 00:28:53 (21029 turns).

kae the Fencer (Merfolk Ice Elementalist)          Turns: 21029, Time: 00:28:54

Health: -2/79      AC: 16    Str: 21    XL:     13   Next: 68%
Magic:  0/30       EV: 15    Int: 18    God:    Okawaru [******]
Gold:   2000       SH:  8    Dex: 23    Spells: 15/22 levels left

rFire    x . .     SeeInvis .   f - +8 falchion "Juit Yrr" {speed, Fragile MR+++ Str+6}
rCold    . . .     Gourm    .   r - +2 buckler
rNeg     . . .     Faith    .   l - +5 scale mail of the Hills {rF- rCorr Dex+8 Stlth-}
rPois    .         Spirit   +   s - +1 helmet
rElec    .         Reflect  .   j - +2 cloak
rCorr    +         Harm     .   (no gloves)
MR       +++..                  (no boots)
Stlth    ..........             m - amulet of guardian spirit
HPRegen  0.23/turn              F - ring of magical power (curse)
MPRegen  0.22/turn              E - ring of Gaikeex {EV+4 Str+2 Int+4}

@: no status effects
A: change form in water, swift swim, stealthy swim
a: Heroism, Finesse, Renounce Religion


You were on level 6 of the Lair of Beasts.
You worshipped Okawaru.
Okawaru was exalted by your worship.
You were hungry.

You visited 3 branches of the dungeon, and saw 18 of its levels.

You collected 2667 gold pieces.
You spent 667 gold pieces at shops.

Inventory:

Hand Weapons
 b - a +4 dagger of electrocution
 f - the +8 falchion "Juit Yrr" (weapon) {speed, Fragile MR+++ Str+6}
   (You found it on level 4 of the Dungeon)

   Attacks with this weapon are significantly faster.
   It affects your strength (+6).
   It affects your resistance to hostile enchantments.
   It will be destroyed if unequipped.
Armour
 a - a +1 robe
 j - a +2 cloak (worn)
 l - the +5 scale mail of the Hills (worn) {rF- rCorr Dex+8 Stlth-}
   (You found it on level 11 of the Dungeon)

   It affects your dexterity (+8).
   It makes you vulnerable to fire.
   It provides partial protection from all sources of acid and corrosion.
   It makes you less stealthy.
 r - a +2 buckler (worn)
 s - a +1 helmet (worn)
 v - a scarf of resistance
Jewellery
 m - an amulet of guardian spirit (around neck)
 o - an uncursed ring of protection from cold
 C - an uncursed ring of ice
 E - the ring of Gaikeex (right hand) {EV+4 Str+2 Int+4}
   (You bought it in a shop on level 9 of the Dungeon)

   [ring of evasion]

   It affects your evasion (+4).
   It affects your strength (+2).
   It affects your intelligence (+4).
 F - a cursed ring of magical power (left hand)
 G - an uncursed amulet of the acrobat
Wands
 y - a wand of random effects (23)
 z - a wand of clouds (10)
 H - a wand of enslavement (10)
 I - a wand of polymorph (18)
 L - a wand of paralysis (11)
Scrolls
 g - 6 scrolls of amnesia
 h - 2 scrolls of magic mapping
 i - 6 scrolls of remove curse
 p - 3 scrolls of fog
 t - 4 scrolls of teleportation
 D - 2 scrolls of enchant weapon
Potions
 d - 3 potions of cancellation
 e - 5 potions of curing
 k - 4 potions of heal wounds
 n - 2 potions of might
 q - 7 potions of brilliance
 u - 5 potions of stabbing
 w - 2 potions of lignification {unknown}
 x - a potion of ambrosia {unknown}
 A - 2 potions of flight {unknown}
 B - 2 potions of magic {unknown}
 K - a potion of resistance
 M - a potion of degeneration {unknown}
Comestibles
 c - 23 rations


   Skills:
 + Level 19.8 Long Blades
 - Level 2.6 Dodging
 - Level 2.1 Stealth
 - Level 4.0 Shields
 - Level 5.3 Spellcasting
 - Level 10.0 Ice Magic
 - Level 5.0 Invocations


You had 15 spell levels left.
You knew the following spells:

 Your Spells              Type           Power        Failure   Level  Hunger
a - Freeze                Ice            ####         1%          1    None
b - Frozen Ramparts       Ice            #####.       1%          3    ##.....
c - Ozocubu's Armour      Chrm/Ice       ###.....     14%         3    ##.....

Your spell library contained the following spells:

 Spells                   Type           Power        Failure   Level  Hunger
 Ensorcelled Hibernation  Hex/Ice        ###...       7%          2    #......
 Hailstorm                Conj/Ice       ###.....     43%         4    ####...
 Summon Ice Beast         Ice/Summ       ###.....     43%         4    ####...
 Poisonous Vapours        Pois/Air       #.....       50%         2    #......
 Conjure Flame            Conj/Fire      #.......     73%         3    ##.....
 Mephitic Cloud           Conj/Pois/Air  #.......     73%         3    ##.....
 Cause Fear               Hex            #.........   98%         4    ####...
 Borgnjor's Vile Clutch   Necr/Erth      #.........   100%        5    ######.
 Silence                  Hex/Air        #.........   100%        5    ######.
 Yara's Violent Unravell  Hex/Tmut       #.........   100%        5    ######.
 Darkness                 Hex            #.........   100%        6    #######
 Freezing Cloud           Conj/Ice/Air   ###.......   100%        6    #######
 Shadow Creatures         Summ           N/A          100%        6    #######
 Ring of Flames           Chrm/Fire      #.........   100%        7    #######
 Discord                  Hex            #.........   100%        8    #######


Dungeon Overview and Level Annotations

Branches:
Dungeon (11/15)            Temple (1/1) D:5            Lair (6/6) D:9
 Shoals (0/4) Lair:4       Spider (0/4) Lair:3
  Slime: Lair:5-6       Orc: D:9-12

Altars:
Ashenzari
Cheibriados
Dithmenos
Elyvilon
Fedhas
Gozag
Hepliaklqana
Kikubaaqudgha
Makhleb
Nemelex Xobeh
Okawaru
Qazlal
Ru
Sif Muna
Trog
Uskayaw
Vehumet
Wu Jian
Xom
Yredelemnul
Zin
The Shining One

Shops:
D:9 =

Annotations:
D:8 Erica, Joseph
Lair:1 exclusion: oklob plant


Message History

Casting: Freeze (safe; 1% risk of failure)
Confirm with . or Enter, or press ? or * to list all spells.
Aiming: Freeze (safe; 1% risk of failure)
Press: ? - help, Shift-Dir - straight line, f/p - fire crab
Aim: a fire crab (heavily wounded)
You freeze the fire crab!
The fire crab is severely wounded.
You are engulfed in blazing flames.
The fire crab bites you.
You are engulfed in flames!!
The fire burns you terribly!
* * * LOW HITPOINT WARNING * * *
The fire crab misses you.
Casting: Freeze (safe; 1% risk of failure)
Confirm with . or Enter, or press ? or * to list all spells.
Aiming: Freeze (safe; 1% risk of failure)
Press: ? - help, Shift-Dir - straight line, f/p - fire crab
Aim: a fire crab (severely wounded)
You freeze the fire crab.
The fire crab is severely wounded.
The fire crab bites you!
You die...

####........#.
#.#...........
###...........
............#
#...........#
#...........#
..<....t...#
........@..#
#..........P#
..........###
..P...#####
######


You could see a fire crab.

Vanquished Creatures
  Harold (Lair:1)
  7 hydras
  2 two-headed ogres
  Pikel (D:5)
  An orb spider (Lair:3)
  A manticore (Lair:4)
  3 black mambas
  A cyclops (D:11)
  3 elephants (Lair:5)
  Maurice (D:8)
  4 spiny frogs
  7 komodo dragons
  A komodo dragon (shapeshifter) (D:10)
  Prince Ribbit (Lair:2)
  20 blink frogs
  4 dream sheep (Lair:5)
  5 hippogriffs
  A wraith (D:11)
  28 yaks
  A steam dragon (D:11)
  3 hungry ghosts
  Edmund (D:5)
  7 water moccasins
  5 porcupines
  A swamp drake (Lair:5)
  7 ice beasts
  11 ogres
  2 sky beasts
  7 orc warriors
  6 centaurs
  An eye of draining (D:9)
  10 wolves
  9 crocodiles
  3 big kobolds
  11 bullfrogs
  A water moccasin zombie (D:10)
  3 scorpions
  2 water moccasin skeletons
  8 wights (D:6)
  3 electric eels (Lair:5)
  4 crimson imps
  A centaur zombie (D:11)
  2 howler monkeys
  5 hounds
  A bullfrog skeleton (D:11)
  A jelly (D:7)
  8 orc priests
  Crazy Yiuf (D:3)
  A centaur skeleton (D:9)
  3 iguanas
  7 worker ants
  14 orc wizards
  A hound skeleton (D:10)
  A howler monkey zombie (D:8)
  Robin (D:3)
  6 adders
  A shadow imp (D:8)
  An ooze (D:4)
  2 adder zombies
  An adder skeleton (D:4)
  2 worms
  A dart slug (D:3)
  2 leopard geckos
  33 orcs
  4 giant cockroaches
  7 hobgoblins
  6 jackals
  4 quokkas
  2 ball pythons
  6 bats
  5 frilled lizards
  13 goblins
  A jackal skeleton (D:8)
  A jackal zombie (D:5)
  16 kobolds
  A quokka skeleton (D:6)
  2 rats
  2 plants (Lair:5)
364 creatures vanquished.

Vanquished Creatures (others)
  A yak (Lair:6)
  A water moccasin (Lair:6)
  A slave (D:5)
  A scorpion (D:3)
  An orc priest (D:5)
  2 orc wizards
  An orc (D:5)
  6 fungi (Lair:5)
  5 plants (Lair:5)
19 creatures vanquished.

Grand Total: 383 creatures vanquished

Notes
Turn   | Place    | Note
-------+----------+-------------------------------------------
     0 | D:1      | kae the Merfolk Ice Elementalist began the quest for the
                  | Orb.
     0 | D:1      | Reached XP level 1. HP: 13/13 MP: 3/3
   306 | D:1      | Reached XP level 2. HP: 9/19 MP: 0/5
  1335 | D:2      | Found a faded altar of an unknown god.
  1393 | D:2      | Reached skill level 5 in Ice Magic
  2230 | D:3      | Reached XP level 3. HP: 24/24 MP: 3/6
  2663 | D:3      | Reached XP level 4. HP: 18/30 MP: 4/8
  2817 | D:3      | Noticed Robin
  2823 | D:3      | Killed Robin
  3040 | D:3      | Noticed an ogre
  3049 | D:3      | Killed an ogre
  3049 | D:3      | Reached XP level 5. HP: 20/35 MP: 3/10
  3214 | D:3      | Reached XP level 6. HP: 32/41 MP: 11/11
  3479 | D:3      | Found a radiant altar of Vehumet.
  3970 | D:3      | Found a runed translucent door.
  3971 | D:3      | Noticed Crazy Yiuf
  4194 | D:3      | Killed Crazy Yiuf
  4553 | D:4      | Got a fine falchion
  4554 | D:4      | Identified the +8 falchion "Juit Yrr" {speed, Fragile MR+++
                  | Str+6} (You found it on level 4 of the Dungeon)
  4850 | D:4      | Reached skill level 1 in Long Blades
  4855 | D:4      | Learned a level 3 spell: Frozen Ramparts
  5126 | D:4      | Reached XP level 7. HP: 41/46 MP: 10/13
  5284 | D:4      | Found a stormy altar of Qazlal.
  5375 | D:4      | Found a glowing golden altar of the Shining One.
  5832 | D:5      | Entered Level 5 of the Dungeon
  5841 | D:5      | Reached skill level 2 in Long Blades
  5882 | D:5      | Found an ancient bone altar of Kikubaaqudgha.
  5903 | D:5      | Noticed Edmund
  5912 | D:5      | Killed Edmund
  6203 | D:5      | Noticed Pikel
  6432 | D:5      | Killed Pikel
  6432 | D:5      | Reached skill level 3 in Long Blades
  6432 | D:5      | Reached skill level 5 in Spellcasting
  6432 | D:5      | Reached XP level 8. HP: 43/52 MP: 6/15
  6463 | D:5      | Reached skill level 4 in Long Blades
  6600 | D:5      | Found a hazy altar of Hepliaklqana.
  6757 | D:5      | Found a staircase to the Ecumenical Temple.
  6786 | Temple   | Entered the Ecumenical Temple
  6956 | Temple   | Became a worshipper of Warmaster Okawaru
  7034 | D:5      | Found a sparkling altar of Nemelex Xobeh.
  7077 | D:5      | Found a hide-covered altar of Uskayaw.
  7285 | D:6      | Reached skill level 1 in Invocations
  7295 | D:6      | Reached skill level 1 in Shields
  7386 | D:6      | Noticed a two-headed ogre
  7507 | D:6      | Killed a two-headed ogre
  7507 | D:6      | Reached * piety under Okawaru
  7507 | D:6      | Reached skill level 5 in Long Blades
  7507 | D:6      | Reached skill level 10 in Ice Magic
  7507 | D:6      | Reached XP level 9. HP: 57/57 MP: 14/17
  7628 | D:6      | Reached skill level 6 in Long Blades
  7742 | D:6      | Reached ** piety under Okawaru
  8204 | D:6      | Upgraded the game from 0.26-a0-29-gb080af96c6 to
                  | 0.26-a0-30-g56b8cd3df0
  8266 | D:7      | Learned a level 3 spell: Ozocubu's Armour
  8302 | D:7      | Reached skill level 7 in Long Blades
  8390 | D:7      | Reached skill level 5 in Invocations
  8497 | D:7      | Found a glowing silver altar of Zin.
  8658 | D:7      | Reached XP level 10. HP: 63/63 MP: 13/18
  8710 | D:7      | Reached skill level 8 in Long Blades
  8828 | D:7      | Found a burning altar of Makhleb.
  8828 | D:7      | Noticed an Executioner
  9021 | D:8      | Noticed Maurice
  9095 | D:8      | Killed Maurice
  9095 | D:8      | Reached skill level 9 in Long Blades
  9287 | D:8      | Noticed Joseph
  9416 | D:8      | Found an opulent altar of Gozag.
  9661 | D:8      | Noticed Erica
  9686 | D:8      | Reached *** piety under Okawaru
 10049 | D:9      | Identified a scroll of acquirement
 10071 | D:9      | Reached skill level 10 in Long Blades
 10187 | D:9      | Found Liunufea's Jewellery Emporium.
 10197 | D:9      | Bought the ring of Gaikeex {EV+4 Str+2 Int+4} for 667 gold
                  | pieces
 10219 | D:9      | Found a staircase to the Lair.
 10269 | D:9      | Noticed a two-headed ogre
 10276 | D:9      | HP: 2/63 [two-headed ogre/+1 vorpal dire flail (5)]
 11103 | D:9      | Killed a two-headed ogre
 11103 | D:9      | Reached skill level 11 in Long Blades
 11583 | D:10     | Entered Level 10 of the Dungeon
 11860 | D:10     | Reached **** piety under Okawaru
 11860 | D:10     | Reached skill level 12 in Long Blades
 12011 | D:10     | Reached XP level 11. HP: 63/68 MP: 19/19
 12348 | D:10     | Reached skill level 13 in Long Blades
 13269 | D:11     | Reached ***** piety under Okawaru
 13292 | D:11     | Got a polished scale mail
 13303 | D:11     | Identified the +5 scale mail of the Hills {rF- rCorr Dex+8
                  | Stlth-} (You found it on level 11 of the Dungeon)
 13403 | D:11     | Reached skill level 14 in Long Blades
 13491 | D:11     | Received a gift from Okawaru
 13492 | D:11     | Noticed a cyclops
 13508 | D:11     | Killed a cyclops
 14239 | Lair:1   | Entered Level 1 of the Lair of Beasts
 14374 | Lair:1   | Reached skill level 15 in Long Blades
 14501 | Lair:1   | Noticed Harold
 14517 | Lair:1   | Reached XP level 12. HP: 67/74 MP: 20/20
 14532 | Lair:1   | Killed Harold
 14747 | Lair:1   | You fall into a shaft and drop 1 floor!
 14773 | Lair:2   | Reached skill level 16 in Long Blades
 15186 | Lair:2   | Noticed Prince Ribbit
 15210 | Lair:2   | Killed Prince Ribbit
 15210 | Lair:2   | Reached ****** piety under Okawaru
 15480 | Lair:2   | Noticed a four-headed hydra
 15495 | Lair:2   | Killed a four-headed hydra
 16496 | Lair:3   | Reached skill level 17 in Long Blades
 16517 | Lair:3   | Noticed a four-headed hydra
 16520 | Lair:3   | Noticed a six-headed hydra
 17092 | Lair:2   | Received a gift from Okawaru
 17437 | Lair:3   | Killed a four-headed hydra
 17437 | Lair:3   | Reached skill level 18 in Long Blades
 17567 | Lair:3   | Killed a six-headed hydra
 17567 | Lair:3   | Reached XP level 13. HP: 60/79 MP: 14/21
 17758 | Lair:3   | Found a hole to the Spider Nest.
 18552 | Lair:4   | Found a staircase to the Shoals.
 18568 | Lair:4   | Received a gift from Okawaru
 18712 | Lair:4   | Reached skill level 19 in Long Blades
 21017 | Lair:6   | Entered Level 6 of the Lair of Beasts
 21029 | Lair:6   | Slain by a fire crab

Illustrated notes

Levels and vault maps discovered:
D:1:      mrwooster_arrival_statue, layout_loops_corners, serial_forest,
          infiniplex_forest_diagonal, infiniplex_forest_clump_diagonal,
          infiniplex_forest_clump_medium, infiniplex_forest_end_3,
          infiniplex_forest_end_3, infiniplex_forest_clump_curved
D:2:      layout_basic, serial_curves, eino_curves_04, eino_curves_03,
          eino_curves_02, chequers_ecumenical_altar_simple
D:3:      layout_loops_ring, fiery_altar_vehumet, first_ration,
          uniq_crazy_yiuf_cottage, uniq_robin
D:4:      layout_basic, overflow_temple_1_default, tso_altar
D:5:      layout_rooms, lemuel_crystal_altar, lemuel_round_altar,
          kennysheep_mini_moat, minmay_temple_entry_large_hall, basic_altar,
          uniq_edmund, uniq_pikel
D:6:      layout_basic
D:7:      layout_cave_pools, zin_academy, makhleb_altar_promises_db
D:8:      layout_cave_pools, blue_anna_alchemist [blue_anna_fruit_fields,
          blue_anna_fruit_fields], nicolae_gozag_seed_capital, uniq_maurice,
          uniq_joseph, uniq_erica
D:9:      layout_layer_cave, lair_entry_dummy, serial_shops, nicolae_shop_stone
D:10:     layout_gridville, hangedman_decor_diamond_cutter
D:11:     layout_long_grid
Temple:   regret_index_temple_sphere_string
Lair:1:   minmay_lair_oklob_tunnel, layout_small_grid, serial_bayou_shore_b,
          uniq_harold
Lair:2:   layout_regular_city, grunt_megastairs_5, uniq_prince_ribbit2
Lair:3:   layout_hall_layers, nicolae_spider_entry_orb_guardian,
          lightli_volcano_entry_magma_tube
Lair:4:   layout_cave_pods, minmay_shoals_entry_beasts,
          infiniplex_staircase_pool
Lair:5:   layout_loops_ring, hibernation_bobbens, serial_bayou_shore_a
Lair:6:   minmay_lair_end_enchanted_forest, layout_cave_pods,
          nicolae_slime_entry_slimehenge

Skill      XL: |  1  2  3  4  5  6  7  8  9 10 11 12 13 |
---------------+----------------------------------------+-----
Ice Magic      | 5 6 7 9 10 | 10.0
Spellcasting   | 3 4 5 |  5.3
Long Blades    | 1 3 5 7 12 15 18 19 | 19.8
Invocations    | 3 5 |  5.0
Shields        | 3 4 |  4.0
Dodging        | |  2.6
Stealth        | |  2.1

Action                   |  1- 3 |  4- 6 |  7- 9 | 10-12 | 13-15 || total
-------------------------+-------+-------+-------+-------+-------++-------
Melee: Unarmed           |    32 |       |       |       |       ||    32
       Dagger            |       |    46 |       |       |       ||    46
       Falchion          |       |    10 |    90 |   471 |   166 ||   737
 Cast: Freeze            |    41 |    51 |    58 |   204 |    81 ||   435
       Frozen Ramparts   |       |       |    15 |    37 |    14 ||    66
       Ozocubu's Armour  |       |       |     2 |     4 |       ||     6
Invok: Heroism           |       |       |     2 |       |       ||     2
Evoke: Wand              |       |       |       |     1 |       ||     1
  Use: Scroll            |     9 |     2 |     6 |     7 |     4 ||    28
       Potion            |     1 |       |       |     2 |       ||     3
 Stab: Sleeping          |     1 |       |       |     5 |       ||     6
       Distracted        |       |     1 |       |     2 |       ||     3
  Eat: Chunk             |     5 |     5 |    12 |    29 |    10 ||    61
       Ration            |       |     1 |       |     1 |       ||     2
Armor: Robe              |    13 |    12 |    27 |    46 |       ||    98
       Scale mail        |       |       |       |    66 |    49 ||   115
Dodge: Dodged            |    42 |    45 |    75 |   243 |   106 ||   511
Block: Buckler           |       |       |    21 |   146 |    63 ||   230
       Rpst.: Falchion   |       |     5 |    26 |    58 |    21 ||   110

Table legend:
 A = Non-vault XP
 B = Vault XP
 C = Vault XP percentage of total XP
 D = Non-vault monster count
 E = Vault monster count
 F = Vault count percentage of total count
                 A         B        C        D         E       F
            +---------+---------+-------+---------+---------+-------
      Total |   41399 |    5744 |  12.2 |     338 |      25 |   6.9
            +---------+---------+-------+---------+---------+-------
        D:1 |      16 |       0 |   0.0 |      10 |       0 |   0.0
        D:2 |      56 |       2 |   3.4 |      11 |       1 |   8.3
        D:3 |     251 |      74 |  22.8 |      20 |      11 |  35.5
        D:4 |     264 |       0 |   0.0 |      16 |       0 |   0.0
        D:5 |     607 |     739 |  54.9 |      19 |       2 |   9.5
        D:6 |    2084 |       0 |   0.0 |      24 |       0 |   0.0
        D:7 |     770 |       0 |   0.0 |      19 |       0 |   0.0
        D:8 |    1043 |     426 |  29.0 |      13 |       1 |   7.1
        D:9 |    1566 |       0 |   0.0 |      15 |       0 |   0.0
       D:10 |    4822 |       0 |   0.0 |      51 |       0 |   0.0
       D:11 |    3726 |       0 |   0.0 |      40 |       0 |   0.0
     Lair:1 |    3099 |    1013 |  24.6 |      14 |       1 |   6.7
     Lair:2 |    3595 |    2046 |  36.3 |      19 |       5 |  20.8
     Lair:3 |    7965 |     535 |   6.3 |      32 |       1 |   3.0
     Lair:4 |    4487 |     772 |  14.7 |      14 |       2 |  12.5
     Lair:5 |    6917 |     137 |   1.9 |      20 |       1 |   4.8
     Lair:6 |     131 |       0 |   0.0 |       1 |       0 |   0.0
            +---------+---------+-------+---------+---------+-------
